 Dungeon Sprint DCSS version 0.20.1-1-g8b1a95d (webtiles) character file.

1552 wojtek the Bludgeoner (level 8, -10/80 (82) HPs)
             Began as a Minotaur Fighter on Jan 1, 2018.
             Mangled by a hornet (13 damage)
             ... while paralysed by a hornet
             ... in the Dungeon (Sprint II: "The Violet Keep of Menkaure").
             The game lasted 00:03:29 (689 turns).

wojtek the Bludgeoner (Minotaur Fighter)             Turns: 689, Time: 00:03:30

HP:   -10/80 (82)   AC:  9    Str: 23    XL:     8   Next: 57%
MP:   7/7           EV:  2    Int:  5    God:
Gold: 71            SH:  0    Dex: 10    Spells: 7/7 levels left

rFire    . . .     SeeInvis +   a - +0 flail
rCold    . . .     Gourm    .   c - +0 shield
rNeg     . . .     Faith    .   b - +0 scale mail
rPois    .         Spirit   .   m - +0 mask of the Dragon {MR+ Slay+3 SInv}
rElec    .         Reflect  .   (no cloak)
rCorr    .         Harm     .   (no gloves)
MR       +....     NoTele   +   (no boots)
Stlth    ..........             (no amulet)
Regen    0.3/turn               (no ring)
MPRegen  0.1/turn               (no ring)

@: paralysed, slowed
A: retaliatory headbutt, horns 2
a: no special abilities


You were in the Dungeon.
You were not hungry.

You visited 1 branch You collected 972 gold pieces.
You spent 901 gold pieces at shops.

Inventory:

Hand Weapons
 a - a +0 flail (weapon)
Armour
 b - a +0 scale mail (worn)
 c - a +0 shield (worn)
 m - the +0 mask of the Dragon (worn) {MR+ Slay+3 SInv}
   (You bought it in a shop in the Dungeon)

   It affects your accuracy and damage with ranged weapons and melee attacks
   (+3).
   It affects your resistance to hostile enchantments.
   It lets you see invisible.
Scrolls
 k - a scroll of blinking
Potions
 d - a potion of might
 e - a potion of curing
 g - a potion of heal wounds
 h - a potion of haste
 i - 2 potions of magic
 j - a potion of berserk rage
Comestibles
 f - a bread ration
 l - a chunk of flesh


   Skills:
 + Level 11.5 Fighting
 * Level 15.0 Maces & Flails
 + Level 11.5 Armour
 + Level 5.4 Dodging
 - Level 3.6 Shields


You had 7 spell levels left.
You didn't know any spells.

Dungeon Overview and Level Annotations

Branches:
Dungeon (1/1)

Altars:
Cheibriados
Dithmenos
Elyvilon
Fedhas
Gozag
Hepliaklqana
Kikubaaqudgha
Makhleb
Nemelex Xobeh
Okawaru
Ru
Sif Muna
Trog
Uskayaw
Vehumet
Xom
Yredelemnul
Zin
Beogh
Jiyva
Lugonu

Shops:
D =*:[![?[!:=}!%(?

Annotations:
D exclusion: oklob plant


Innate Abilities, Weirdness & Mutations

You reflexively headbutt those who attack you in melee.
You have a pair of horns on your head.


Message History

The hornet stings you!
* * * LOW HITPOINT WARNING * * *
You suddenly lose the ability to move!
The polar bear bites you!
* * * LOW HITPOINT WARNING * * *
The polar bear claws you but does no damage. x2
The hornet stings you but does no damage.
The hornet stings you.
* * * LOW HITPOINT WARNING * * *
You feel yourself slow down.
The polar bear bites you but does no damage.
The polar bear completely misses you.
The polar bear claws you but does no damage.
The hornet completely misses you.
The polar bear goes berserk!
The hornet stings you but does no damage.
The polar bear bites you but does no damage.
The polar bear claws you.
* * * LOW HITPOINT WARNING * * *
The polar bear claws you but does no damage.
The hornet stings you!
You die... §z§§≈≈§.# ≈zzz≈§§ ... zzzz§

... ++#+++## ... .......#
.. ##+##..# #.
#...##.#### +.###
..#..#....# #^..#
#.).####..## #^@# #
##'###.##..# +yh# y#
##.##...#..# #..# h# )
÷.<.÷##.+..####.^##.# $$%
##.##...#....###...##▓▓▓▓
##'###.##......≈≈≈≈≈≈≈≈≈≈
##.#####≈≈.....≈#'#######
..#..#≈≈≈≈≈≈§..≈#....._._
#.#.##≈§§≈≈≈≈≈.≈#...._._.


You could see a polar bear (berserk) and a hornet.

Vanquished Creatures
  A merfolk siren (D)
  A yaktaur (D)
  2 hippogriffs (D)
  4 necrophages (D)
  A crocodile (D)
  4 worker ants (D)
13 creatures vanquished.

Vanquished Creatures (others)
  A polar bear (D)
  Menkaure (D)
  A crocodile (D)
3 creatures vanquished.

Grand Total: 16 creatures vanquished

Notes
Turn   | Place    | Note
-------+----------+-------------------------------------------
     0 | D        | wojtek the Minotaur Fighter began the quest for the Orb.
     0 | D        | Reached XP level 1. HP: 19/19 MP: 0/0
     1 | D        | Noticed a merfolk siren
     7 | D        | Killed a merfolk siren
     7 | D        | Reached skill level 11 in Maces & Flails
     7 | D        | Reached XP level 2. HP: 23/36 MP: 1/1
     7 | D        | Reached XP level 3. HP: 26/41 MP: 2/2
     7 | D        | Reached XP level 4. HP: 32/49 MP: 3/3
     7 | D        | Reached XP level 5. HP: 36/56 MP: 4/4
     7 | D        | Reached XP level 6. HP: 40/62 MP: 5/5
   111 | D        | Killed Menkaure
   121 | D        | Reached skill level 12 in Maces & Flails
   131 | D        | Reached XP level 7. HP: 68/70 MP: 6/6
   137 | D        | Reached skill level 10 in Fighting
   137 | D        | Reached skill level 13 in Maces & Flails
   137 | D        | Reached skill level 10 in Armour
   137 | D        | Reached skill level 1 in Dodging
   149 | D        | Found a roughly hewn altar of Beogh.
   202 | D        | Noticed an orange crystal statue
   432 | D        | Noticed a hippogriff
   432 | D        | Noticed a hippogriff
   445 | D        | Killed a hippogriff
   448 | D        | Killed a hippogriff
   448 | D        | Reached skill level 14 in Maces & Flails
   448 | D        | Reached XP level 8. HP: 55/79 MP: 7/7
   563 | D        | Found Fukh's Book Emporium.
   563 | D        | Found Puebruh's Gadget Emporium.
   563 | D        | Found Awkyqila's Antique Armour Shoppe.
   563 | D        | Found Ceipluam's Food Emporium.
   563 | D        | Found Mudumn's Distillery.
   563 | D        | Found Giquteif's Magic Scroll Emporium.
   563 | D        | Found Jafeopp's Jewellery Shoppe.
   563 | D        | Found Tiadd's Distillery.
   563 | D        | Found Tiheydy's Antique Weapon Shoppe.
   564 | D        | Found Osofrut's Magic Scroll Shoppe.
   564 | D        | Found Beubrock's Antique Armour Emporium.
   564 | D        | Noticed a shining eye
   582 | D        | Found Huippip's Distillery.
   582 | D        | Found Ijedopot's Antique Armour Shoppe.
   582 | D        | Noticed a shining eye
   582 | D        | Noticed a shining eye
   582 | D        | Noticed an oklob plant
   585 | D        | Found Toasuvis's Assorted Antiques.
   585 | D        | Found Fugyokh's Book Shoppe.
   585 | D        | Found Michaiwk's Jewellery Emporium.
   587 | D        | Noticed a death yak
   590 | D        | Noticed a fire dragon
   630 | D        | Bought the +0 mask of the Dragon {MR+ Slay+3 SInv} for 901 gold pieces
   643 | D        | Noticed a flying skull
   644 | D        | Noticed a flying skull
   644 | D        | Noticed a flying skull
   645 | D        | Noticed a flying skull
   647 | D        | Noticed a flying skull
   649 | D        | Noticed a flying skull
   649 | D        | Noticed a flying skull
   649 | D        | Noticed a flying skull
   649 | D        | Noticed a flying skull
   649 | D        | Noticed a flying skull
   650 | D        | Noticed a flying skull
   651 | D        | Noticed a flying skull
   660 | D        | Found a snail-covered altar of Cheibriados.
   661 | D        | Found a shadowy altar of Dithmenos.
   662 | D        | Found a white marble altar of Elyvilon.
   662 | D        | Found an ancient bone altar of Kikubaaqudgha.
   662 | D        | Found a viscous altar of Jiyva.
   663 | D        | Found a blossoming altar of Fedhas.
   663 | D        | Found a corrupted altar of Lugonu.
   663 | D        | Found a deep blue altar of Sif Muna.
   664 | D        | Found an opulent altar of Gozag.
   664 | D        | Found a burning altar of Makhleb.
   664 | D        | Found a bloodstained altar of Trog.
   665 | D        | Found a sparkling altar of Nemelex Xobeh.
   665 | D        | Found a hide-covered altar of Uskayaw.
   666 | D        | Found a basalt altar of Yredelemnul.
   667 | D        | Found an iron altar of Okawaru.
   667 | D        | Found a radiant altar of Vehumet.
   667 | D        | Found a glowing silver altar of Zin.
   667 | D        | Found a hazy altar of Hepliaklqana.
   667 | D        | Found a sacrificial altar of Ru.
   667 | D        | Found a shimmering altar of Xom.
   667 | D        | Noticed a hornet
   667 | D        | Noticed a polar bear
   668 | D        | Noticed a polar bear
   669 | D        | Noticed a polar bear
   674 | D        | Noticed a yaktaur
   678 | D        | Killed a polar bear
   685 | D        | Killed a yaktaur
   685 | D        | Reached skill level 15 in Maces & Flails
   685 | D        | Reached skill level 5 in Dodging
   686 | D        | Paralysed by a hornet for 3 turns
   687 | D        | HP: 4/80 [hornet (5)]
   689 | D        | Mangled by a hornet

Skill      XL: |  1  2  3  4  5  6  7  8 |
---------------+-------------------------+-----
Fighting       | 8 9 10 11 | 11.5
Maces & Flails | 11 12 14 15 | 15.0
Armour         | 8 9 11 | 11.5
Dodging        | 4 5 |  5.4
Shields        | |  3.6

Action                   |  1- 3 |  4- 6 |  7- 9 || total
-------------------------+-------+-------+-------++-------
Melee: Flail             |     5 |    15 |    63 ||    83
       Headbutt          |     2 |     1 |    15 ||    18
Armor: Scale mail        |     1 |     3 |    33 ||    37
Dodge: Dodged            |       |     2 |    28 ||    30
Block: Shield            |     1 |     4 |    36 ||    41
